 Dungeon Crawl Stone Soup version 0.27.1-33-g824d729ab1 (webtiles) character file.

Game seed: 18378344154905178235

111 vivovinco the Magician (level 5, -11/35 HPs)
             Began as a Djinni Hedge Wizard on Dec 28, 2021.
             Killed by divine providence
             ... invoked by an orc priest
              (13 damage)
             ... on level 3 of the Dungeon.
             The game lasted 00:21:58 (3101 turns).

vivovinco the Magician (Djinni Hedge Wizard)        Turns: 3101, Time: 00:21:59

Health: -11/35     AC:  4    Str: 15    XL:     5   Next: 15%
Gold:   84         EV: 16    Int: 17    God:
                   SH:  0    Dex: 12

rFire    + + .     SeeInvis +   a - +0 dagger
rCold    x . .     Faith    .   (no shield)
rNeg     . . .     Spirit   .   g - +0 robe
rPois    ∞         Reflect  .   i - +1 helmet {SInv}
rElec    .         Harm     .   (no cloak)
rCorr    .         Rampage  .   (no gloves)
Will     .....                  (boots unavailable)
Stlth    ++........             (no amulet)
HPRegen  0.11/turn              o - +6 ring of strength
MPRegen  0.00/turn              n - +4 ring of evasion

@: flying
A: sickness immunity, fire resistance 2, cold vulnerability 1, float, innate
caster, hp casting, extra vitality 1
a: no special abilities


You were on level 3 of the Dungeon.
You visited 1 branch of the dungeon, and saw 3 of its levels.

You collected 84 gold pieces.

Inventory:

Hand Weapons
 a - a +0 dagger (weapon)
Missiles
 h - 99 stones (quivered)
 q - 41 bolts
 v - 8 javelins
Armour
 c - a +0 hat
 g - a +0 robe (worn)
 i - a +1 helmet of see invisible (worn)
Jewellery
 j - a ring of willpower
 n - a +4 ring of evasion (right hand)
 o - a +6 ring of strength (left hand)
Scrolls
 d - 4 scrolls of identify {unknown}
 e - a scroll of enchant armour {unknown}
 f - a scroll of silence {unknown}
 k - a scroll of teleportation {unknown}
 r - a scroll of fear {unknown}
 s - a scroll of vulnerability {unknown}
Potions
 l - a potion of mutation {unknown}
 m - a potion of magic {unknown}
 p - 2 potions of degeneration {unknown}
 t - a potion of heal wounds {unknown}
 u - a potion of cancellation {unknown}


   Skills:
 + Level 0.3 Fighting
 + Level 1.0 Short Blades
 + Level 2.8 Dodging
 + Level 2.2 Stealth
 + Level 3.5 Spellcasting


You couldn't memorise any spells.
You knew the following spells:

 Your Spells              Type           Power      Damage    Failure   Level
a - Magic Dart            Conj           60%        1d6       3%          1
b - Blink                 Tloc           N/A        N/A       6%          2
c - Call Imp              Summ           15%        N/A       6%          2
d - Slow                  Hex            15%        N/A       6%          2
e - Conjure Flame         Conj/Fire      15%        6-21      12%         3
f - Mephitic Cloud        Conj/Pois/Air  15%        N/A       12%         3
g - Shock                 Conj/Air       60%        1d6       3%          1
h - Corpse Rot            Necr/Air       N/A        N/A       6%          2
Your spell library was empty.

Dungeon Overview and Level Annotations

Branches:
Dungeon (3/15)

Altars:

Annotations:
D:2 Sigmund


Innate Abilities, Weirdness & Mutations

You are immune to sickness and miasma.
You are immune to poison.
Your flesh is very heat resistant. (rF++)
You are vulnerable to cold. (rC-)
You float through the air rather than walking.
You learn spells naturally, not from books.
Your magical power is your life essence.
You have superior vitality. (+4 HP)


Message History

The orc priest is moderately wounded.
The orc priest mumbles some strange prayers to Beogh against you.
Beogh smites you!
Casting: Magic Dart (safe; 3% risk of failure)
Confirm with . or Enter, or press ? or * to list all spells.
The spell is quite dangerous to cast (12% risk of failure)!
Continue anyway?
The fire begins to smoulder!
The fire ignites!
The orc priest looks braver for a moment.
Things that are here:
a +0 dagger; a +0 leather armour; an orc corpse You see here a bat corpse.
You see here a +0 short sword.
The orc priest looks satisfied for a moment.
Casting: Conjure Flame (quite dangerous; 12% risk of failure)
Confirm with . or Enter, or press ? or * to list all spells.
The spell is quite dangerous to cast (12% risk of failure)!
Continue anyway?
The fire begins to smoulder!
The fire ignites!
Casting: Conjure Flame (quite dangerous; 12% risk of failure)
Confirm with . or Enter, or press ? or * to list all spells.
Aiming: Magic Dart (safe; 3% risk of failure)
Press: ? - help, Shift-Dir - straight line, f/p - orc priest
Aim: an orc priest, wielding a +0 flail (moderately wounded, 100% to hit)
The magic dart hits the orc priest but does no damage.
The orc priest is moderately wounded.
Casting: Magic Dart (safe; 3% risk of failure)
Confirm with . or Enter, or press ? or * to list all spells.
Aiming: Magic Dart (safe; 3% risk of failure)
Press: ? - help, Shift-Dir - straight line, f/p - orc priest
Aim: an orc priest, wielding a +0 flail (moderately wounded, 100% to hit)
The magic dart hits the orc priest.
The orc priest is heavily wounded.
The orc priest calls down the wrath of Beogh upon you.
Beogh smites you!
* * * LOW HITPOINT WARNING * * *
The orc priest looks satisfied for a moment.
The orc priest mumbles some strange prayers to Beogh against you.
Beogh smites you!
You die...

### #.## ##### #..# #.... #..##
#.... #...### #.... ##....# #....
#############.#.# #....
).........###.#.#############....
###......o§.....@................
#############....................
..# ##...##########...... #.#
##...##.....<....... #.#
........######.####. #.#
####..### #.<# #. #.# #..# #.##
#. #o# #..# #.# ###. ....# #..#
#<###...


You could see an orc priest.

Vanquished Creatures
  An orc priest (D:3)
  3 adders (D:2)
  A dart slug (D:1)
  2 orcs (D:3)
  3 endoplasms
  5 goblins
  8 hobgoblins
  6 kobolds
  3 quokkas
  A ball python (D:3)
  6 bats
  3 frilled lizards
  4 rats
46 creatures vanquished.

Notes
Turn   | Place    | Note
-------+----------+-------------------------------------------
     0 | D:1      | vivovinco the Djinni Hedge Wizard began the quest for the
                  | Orb.
     0 | D:1      | Reached XP level 1. HP: 15/15 MP: 0/0
   373 | D:1      | Reached XP level 2. HP: 19/21 MP: 0/0
   767 | D:2      | Noticed Sigmund
   932 | D:1      | Reached XP level 3. HP: 23/25 MP: 0/0
   932 | D:1      | Learned a level 1 spell: Shock
  1077 | D:1      | Reached skill level 3 in Spellcasting
  1823 | D:2      | Found a faded altar of an unknown god.
  1826 | D:2      | Reached XP level 4. HP: 30/31 MP: 0/0
  2914 | D:3      | Reached skill level 1 in Short Blades
  2914 | D:3      | Reached XP level 5. HP: 23/35 MP: 0/0
  2914 | D:3      | Learned a level 2 spell: Corpse Rot
  3096 | D:3      | HP: 1/35 [orc priest/divine providence (12)]
  3101 | D:3      | Killed from afar by an orc priest

Illustrated notes

Levels and vault maps discovered:
D:1:      erik_arrival_triangle_small, layout_basic, minivault_25,
          minmay_hexomino_p4
D:2:      layout_rooms, chequers_ecumenical_altar_simple,
          minmay_goblin_kobold_house, uniq_sigmund
D:3:      layout_rooms, uniq_terence

Skill      XL: |  1  2  3  4 |
---------------+-------------+-----
Spellcasting   | 3 |  3.5
Stealth        | 2 |  2.2
Short Blades   | 1 |  1.0
Fighting       | |  0.3
Dodging        | |  2.8

Action                   |  1- 3 |  4- 6 || total
-------------------------+-------+-------++-------
Melee: Short sword       |    21 |    23 ||    44
       Dagger            |     2 |       ||     2
 Cast: Magic Dart        |    45 |    25 ||    70
       Shock             |     3 |    12 ||    15
       Call Imp          |     1 |     1 ||     2
       Blink             |     1 |       ||     1
       Conjure Flame     |       |     7 ||     7
       Slow              |       |     2 ||     2
 Stab: Sleeping          |     4 |       ||     4
Armor: Robe              |    12 |     5 ||    17
Dodge: Dodged            |    23 |    27 ||    50
